 Dungeon Crawl Stone Soup version 0.30-b1-2-g02819fbbbe (webtiles) character file.

Game seed: 8808690727577443117

1680 Arcadio the Fighter (level 8, -5/73 (77) HPs)
             Began as a Minotaur Gladiator on May 8, 2023.
             Was a Priest of Ru.
             Slain by an iguana (8 damage)
             ... on level 7 of the Dungeon.
             The game lasted 00:16:13 (5533 turns).

Arcadio the Fighter (Minotaur Gladiator)            Turns: 5533, Time: 00:16:14

HP:   -5/73 (77)    AC: 15    Str: 21    XL:     8   Next: 70%
MP:   7/7           EV:  7    Int:  5    God:    Ru [***...]
Gold: 287           SH:  0    Dex: 12    Spells: 7/7 levels left

rFire   . . .        E - +1 flail (venom)
rCold   . . .        (shield unavailable)
rNeg    . . .        u - +0 plate armour
rPois   .            c - +0 hat
rElec   .            (no cloak)
rCorr   .            G - +0 pair of gloves
SInv    .            (no boots)
Will    .....        (no amulet) Stlth
                     (ring unavailable)
HPRegen 0.32/turn    (no ring)
MPRegen 0.10/turn

%: no passive effects
@: exhausted, weakened, drained
A: horns 2, missing a hand, retaliatory headbutt
a: Renounce Religion, Draw Out Power


You were on level 7 of the Dungeon.
You worshipped Ru.
Ru was most pleased with you.
You visited 1 branch of the dungeon, and saw 7 of its levels.
You also visited: Sewer.

You collected 287 gold pieces.

Inventory:

Hand Weapons
 a - a +0 quarterstaff
 D - a +0 spear
 E - a +1 flail of venom (weapon)
Missiles
 d - 3 throwing nets (quivered)
 e - 7 javelins
Armour
 b - a +0 leather armour
 c - a +0 hat (worn)
 m - a +0 scale mail
 u - a +0 plate armour (worn)
 y - a scarf of harm
 G - a +0 pair of gloves (worn)
Jewellery
 x - a ring of magical power
 B - a ring of wizardry
Scrolls
 f - 2 scrolls of amnesia {unknown}
 i - a scroll of fear {unknown}
 k - 2 scrolls of poison {unknown}
 q - 2 scrolls of identify {unknown}
 r - 2 scrolls of immolation {unknown}
 s - 4 scrolls of teleportation
 z - a scroll of enchant armour {unknown}
 A - 2 scrolls of vulnerability {unknown}
 C - 3 scrolls of blinking {unknown}
 F - a scroll of acquirement {unknown}
 I - a scroll of magic mapping {unknown}
Potions
 g - a potion of resistance {unknown}
 h - 5 potions of curing {unknown}
 j - 2 potions of heal wounds {unknown}
 l - a potion of might
 n - a potion of attraction {unknown}
 o - a potion of berserk rage {unknown}
 p - 5 potions of degeneration {unknown}
 t - 5 potions of flight
 v - 2 potions of brilliance {unknown}
 w - 2 potions of magic {unknown}
 H - a potion of lignification {unknown}


   Skills:
 + Level 8.9 Fighting
 + Level 2.0(4.3) Polearms
 - Level 6.2(6.3) Staves
 - Level 2.0 Throwing
 + Level 8.4 Armour
 - Level 3.2 Dodging


You had 7 spell levels left.
You didn't know any spells.
Your spell library contained the following spells:

 Spells                   Type           Power      Damage    Failure   Level
 Inner Flame              Hex/Fire       0%         N/A       100%        3
 Portal Projectile        Hex/Tloc       0%         N/A       100%        3
 Tukima's Dance           Hex            0%         N/A       100%        3
 Flame Wave               Conj/Fire      0%         2d4       100%        4
 Sticky Flame             Conj/Fire      0%         2d3       100%        4
 Blade Hands              Tmut           0%         N/A       100%        5


Dungeon Overview and Level Annotations

Branches:
Dungeon (7/15) Zot: 26981   Sewer (visited)
 Temple: D:4-7

Altars:
Cheibriados
Dithmenos
Fedhas
Ru
Uskayaw
Vehumet
Xom
Zin

Shops:
D:6 *   D:7 =

Annotations:
D:6 Maggie, Pikel


Innate Abilities, Weirdness & Mutations

You have a pair of horns on your head.
You are missing a hand.
You reflexively headbutt those who attack you in melee.


Message History

You redirect the orc wizard's attack!
The iguana bites you.
You closely miss the iguana. Your headbutt misses the iguana.
The gnoll stops glowing.
The gnoll hits you from afar with a +0 halberd. x2
The orc hits you with a +2 mace of holy wrath.
The orc barely misses you.
The orc wizard points at you and mumbles some strange words.
The puff of flame hits you. The iguana barely misses you.
You furiously retaliate!
You headbutt the iguana! You closely miss the iguana.
The iguana is severely wounded.
The gnoll hits you from afar with a +0 halberd.
The orc hits you with a +2 mace of holy wrath.
* * * LOW HITPOINT WARNING * * *
The orc is stunned by your conviction and fails to attack.
The gnoll hits you but does no damage.
The iguana bites you but does no damage.
You closely miss the iguana.
The iguana is severely wounded.
The gnoll barely misses you. The orc hits you but does no damage. x2
The gnoll hits you but does no damage. The iguana bites you.
* * * LOW HITPOINT WARNING * * *
The gnoll bouda gazes fiercely through you!
You feel your attacks grow feeble.
You completely miss the iguana. Your headbutt misses the iguana.
The iguana is severely wounded.
The gnoll barely misses you.
The gnoll bouda barks out a call to the hunt!
The gnolls pick up the pace!
The orc hits you but does no damage. x2; The iguana bites you.
* * * LOW HITPOINT WARNING * * *
The gnoll barely misses you. The orc barely misses you.
The gnoll hits you from afar with a +0 halberd.
* * * LOW HITPOINT WARNING * * *
The orc hits you but does no damage. The iguana barely misses you.
You furiously retaliate!
You headbutt the iguana.
You hear a shout!
The iguana attacks as you move away! The iguana bites you!
You die...

.... .# .#
.∩..#.##.##. ##
...#....... #.#
.#......###
#..###.........
#...........#
#..ggo....#
#.gog....#
#..o@....#
#..l.....#
#........#
#######+##


You could see a gnoll bouda, an iguana, an orc wizard, 3 gnolls and 2 orcs.

Vanquished Creatures
  Sigmund (D:5)
  A black bear (D:6)
  3 ogres
  A centaur (D:6)
  A lemure (D:6)
  2 phantoms
  Blork the orc (D:5)
  A scorpion (D:5)
  2 howler monkeys
  2 jellies (D:5)
  2 orc priests
  3 hounds (D:5)
  A sleepcap (D:5)
  3 iguanas
  3 orc wizards
  A sickly merfolk siren (Sewer)
  A malarious merfolk avatar (Sewer)
  12 adders
  4 gnolls (D:5)
  3 river rats
  2 worms (D:2)
  4 dart slugs
  11 orcs
  12 endoplasms
  8 giant cockroaches
  10 goblins
  7 hobgoblins
  3 kobolds
  8 quokkas
  11 ball pythons
  7 bats
  4 frilled lizards
  30 rats
165 creatures vanquished.

Vanquished Creatures (others)
  A demonic plant (D:3)
1 creature vanquished.

Grand Total: 166 creatures vanquished

Notes
Turn   | Place    | Note
-------+----------+-------------------------------------------
     0 | D:1      | Arcadio the Minotaur Gladiator began the quest for the Orb.
     0 | D:1      | Reached XP level 1. HP: 18/18 MP: 0/0
    67 | D:1      | Reached skill level 1 in Armour
    69 | D:1      | Reached XP level 2. HP: 22/25 MP: 1/1
   837 | D:2      | Reached XP level 3. HP: 31/31 MP: 2/2
   838 | D:2      | Found a radiant altar of Vehumet.
  1096 | D:2      | Noticed an ogre
  1334 | D:3      | Found a faded altar of an unknown god.
  1370 | D:3      | Reached XP level 4. HP: 39/39 MP: 3/3
  1646 | D:3      | Found a shimmering altar of Xom.
  1651 | D:3      | Found a snail-covered altar of Cheibriados.
  1658 | D:3      | Found a sacrificial altar of Ru.
  1659 | D:3      | Found a blossoming altar of Fedhas.
  1660 | D:3      | Found a shadowy altar of Dithmenos.
  1673 | D:3      | Became a worshipper of Ru the Awakened
  1675 | D:3      | Found a glowing silver altar of Zin.
  1678 | D:3      | Found a hide-covered altar of Uskayaw.
  2319 | D:2      | Killed an ogre
  2320 | D:2      | Reached skill level 5 in Staves
  2320 | D:2      | Reached XP level 5. HP: 25/47 MP: 4/4
  2563 | D:4      | Noticed an ogre
  2735 | D:4      | Reached XP level 6. HP: 39/55 MP: 5/5
  3113 | D:4      | Reached skill level 5 in Fighting
  3303 | D:5      | Entered Level 5 of the Dungeon
  3392 | D:5      | Gained mutation: You are missing a hand. [Ru sacrifice]
  3392 | D:5      | Reached * piety under Ru
  3392 | D:5      | Reached ** piety under Ru
  3392 | D:5      | Reached *** piety under Ru
  3404 | D:5      | Reached XP level 7. HP: 60/61 MP: 6/6
  3427 | D:5      | Reached skill level 5 in Armour
  3735 | D:5      | Found a glowing drain.
  3750 | Sewer    | Entered a sewer
  4380 | D:5      | Noticed Sigmund
  4403 | D:5      | Killed Sigmund
  4404 | D:5      | Reached XP level 8. HP: 40/73 MP: 7/7
  4637 | D:5      | Noticed Blork the orc
  4646 | D:5      | Killed Blork the orc
  5202 | D:6      | Found Myutzuh's General Store.
  5352 | D:6      | Noticed Pikel
  5423 | D:6      | Reached skill level 1 in Polearms
  5454 | D:6      | Noticed Maggie
  5526 | D:7      | Found Osoxkot Xahe's One-of-a-Kind Rings.
  5532 | D:7      | HP: 3/73 [gnoll/+0 halberd[a gnoll bouda] (2)]
  5533 | D:7      | Slain by an iguana

Illustrated notes

Levels and vault maps discovered:
D:1:      minmay_arrival_plants_in_alcoves, layout_basic
D:2:      layout_basic, basic_altar
D:3:      layout_basic, minitemple, shapermc_ecumenical_altar_gd
D:4:      layout_gridville
D:5:      layout_basic, portal_sewer_entry_c, uniq_sigmund, uniq_blork_the_orc
D:6:      minmay_evil_eye, layout_basic, nicolae_overflow_hidden_temple,
          serial_shops, shop, uniq_maggie, uniq_pikel
D:7:      layout_basic, mainiacjoe_overflow_tiny_flanked,
          nicolae_vehumet_altar_sigil, minmay_temple_entry_overgrown,
          enter_bailey_3, chequers_mini_garden, serial_bayou_lagoon_a,
          nicolae_shop_unique_rings, corexii_checkpoint_b

Skill      XL: |  1  2  3  4  5  6  7  8 |
---------------+-------------------------+-----
Armour         | 1 2 3 4 7 8 |  8.4
Staves         | 4 5 6 |  6.2
Fighting       | 3 4 5 7 8 |  8.9
Polearms       | 2 |  2.0
Throwing       | |  2.0
Dodging        | |  3.2

Action                     |  1- 3 |  4- 6 |  7- 9 || total
---------------------------+-------+-------+-------++-------
  Melee: Quarterstaff      |    81 |   117 |       ||   198
         Headbutt          |    11 |    20 |    32 ||    63
         Spear             |       |     5 |    20 ||    25
         Flail             |       |       |   171 ||   171
 Invoke: Sacrifice a Hand  |       |     1 |       ||     1
         Draw Out Power    |       |       |     2 ||     2
   Stab: Invisible         |       |       |     1 ||     1
 Armour: Leather armour    |    10 |       |       ||    10
         Scale mail        |    22 |    26 |       ||    48
         Plate armour      |       |    37 |   120 ||   157
  Dodge: Dodged            |    34 |    50 |    84 ||   168
